TOP OF THE 1ST |
Lévis Rocks batting - Pitching for Rappahannock Partisans : RHP Jim Unknown
|
Pitching: RHP Jim Unknown
|
|
Batting: LHB Edward Carlson
|
0-0: Bunted foul 0-1: Ball 1-1: Ball 2-1: Ball 3-1: Base on Balls
|
Batting: RHB Raúl Valadez
|
0-0: Called Strike 0-1: Ball 1-1: Fly out, F8 (Flyball, 89M)
|
Batting: RHB Dan Holliday
|
0-0: Ball 1-0: Foul Ball, location: 2F 1-1: Ball 2-1: Called Strike 2-2: Ball 3-2: Ground out 6-3 (Groundball, 6) Edward Carlson to second
|
Batting: RHB Pedro Mendoza
|
0-0: Called Strike 0-1: Ball 1-1: Ball 2-1: SINGLE (Groundball, 6M) (infield hit) Edward Carlson to third
|
Batting: RHB Jim Unknown
|
0-0: Ball 1-0: Foul Ball, location: 2F 1-1: Foul Ball, location: 2F 1-2: Ball 2-2: Ball 3-2: Fly out, F8 (Line Drive, 8LM)
|
Top of the 1st over - 0 run(s), 1 hit(s), 0 error(s), 2 left on base; Lévis 0 - Rappahannock 0 |
BOTTOM OF THE 1ST |
Rappahannock Partisans batting - Pitching for Lévis Rocks : LHP Harvey Richards
|
Pitching: LHP Harvey Richards
|
|
Batting: RHB Bill Taylor
|
0-0: Foul Ball, location: 2F 0-1: Ball 1-1: Ball 2-1: Foul Ball, location: 2F 2-2: Ball 3-2: Foul Ball, location: 2F 3-2: Foul Ball, location: 2F 3-2: Foul Ball, location: 2F 3-2: Fly out, F7 (Flyball, 78M)
|
Batting: RHB Eduardo Manuel
|
0-0: Swinging Strike 0-1: Ball 1-1: Called Strike 1-2: Foul Ball, location: 2F 1-2: Strikes out swinging
|
Batting: RHB Tom Baker
|
0-0: Foul Ball, location: 2F 0-1: Ball 1-1: Foul Ball, location: 2F 1-2: Ground out 5-3 (Groundball, 5S)
|
Bottom of the 1st over - 0 run(s), 0 hit(s), 0 error(s), 0 left on base; Lévis 0 - Rappahannock 0 |
TOP OF THE 2ND |
Lévis Rocks batting - Pitching for Rappahannock Partisans : RHP Jim Unknown
|
Batting: SHB Bartolo Fernández
|
0-0: Ball 1-0: Called Strike 1-1: Ball 2-1: SINGLE (Line Drive, 4MD)
|
Batting: RHB Melvin Hunter
|
0-0: Ball 1-0: Called Strike 1-1: Ball 2-1: Foul Ball, location: 2F 2-2: Fly out, F7 (Flyball, 7M)
|
Batting: RHB Nectanebos Dolenian
|
0-0: Ball 1-0: Fielders Choice at 2nd, 5-4 (Groundball, 56)
|
Batting: RHB Jimmy Allen
|
0-0: Called Strike 0-1: Ball 1-1: Called Strike 1-2: Strikes out looking
|
Top of the 2nd over - 0 run(s), 1 hit(s), 0 error(s), 1 left on base; Lévis 0 - Rappahannock 0 |
BOTTOM OF THE 2ND |
Rappahannock Partisans batting - Pitching for Lévis Rocks : LHP Harvey Richards
|
Batting: RHB Colby Turner
|
0-0: Ball 1-0: Ball 2-0: Ball 3-0: Base on Balls
|
Batting: RHB Matt Sheppard
|
0-0: Swinging Strike 0-1: Foul Ball, location: 2F 0-2: Ball 1-2: Ball Wild Pitch! Colby Turner to second 2-2: Ball 3-2: Ground out 6-3 (Groundball, 6)
|
Batting: LHB Alfonso López
|
0-0: Ball 1-0: Called Strike 1-1: Ball 2-1: Ball 3-1: Base on Balls
|
Batting: LHB Marvin von Seydlitz
|
0-0: Ball 1-0: Fly out, F5 (Popup, 5F)
|
Batting: LHB Miguel Mendoza
|
0-0: Ball 1-0: Called Strike 1-1: SINGLE (Line Drive, 6M) Colby Turner to third Alfonso López to second Runner from 3rd tries for Home, SAFE, no throw or cutoff
|
Batting: RHB Ángel Ruezga
|
0-0: Ball 1-0: Called Strike 1-1: Ball 2-1: Swinging Strike 2-2: Ground out 5-3 (Groundball, 5L)
|
Bottom of the 2nd over - 1 run(s), 1 hit(s), 0 error(s), 2 left on base; Lévis 0 - Rappahannock 1 |
TOP OF THE 3RD |
Lévis Rocks batting - Pitching for Rappahannock Partisans : RHP Jim Unknown
|
Batting: LHB Edward Carlson
|
0-0: Ground out U3 (Groundball, 3S)
|
Batting: RHB Raúl Valadez
|
0-0: Ball 1-0: Fly out, F7 (Flyball, 7LM)
|
Batting: RHB Dan Holliday
|
0-0: Called Strike 0-1: Ball 1-1: Foul Ball, location: 2F 1-2: Fly out, F7 (Flyball, 78M)
|
Top of the 3rd over - 0 run(s), 0 hit(s), 0 error(s), 0 left on base; Lévis 0 - Rappahannock 1 |
BOTTOM OF THE 3RD |
Rappahannock Partisans batting - Pitching for Lévis Rocks : LHP Harvey Richards
|
Batting: RHB Bill Taylor
|
0-0: Swinging Strike 0-1: Swinging Strike 0-2: Ball 1-2: Strikes out swinging
|
Batting: RHB Eduardo Manuel
|
0-0: Ball 1-0: Ball 2-0: Ball 3-0: Called Strike 3-1: Base on Balls
|
Batting: RHB Tom Baker
|
0-0: Ball 1-0: Swinging Strike 1-1: SINGLE (Line Drive, 56) Eduardo Manuel to second
|
Batting: RHB Colby Turner
|
0-0: Called Strike 0-1: Ball 1-1: DOUBLE (Flyball, 9D) Eduardo Manuel scores Tom Baker to third
|
Batting: RHB Matt Sheppard
|
0-0: Ball 1-0: Ball 2-0: Ball 3-0: Called Strike 3-1: Foul Ball, location: 2F 3-2: Fly out, F7 (Line Drive, 7LD) Runner from 3rd tags up, SCORES, no throw
|
Batting: LHB Alfonso López
|
0-0: Ball 1-0: Swinging Strike 1-1: Swinging Strike 1-2: Ball 2-2: Ground out 4-3 (Groundball, 34)
|
Bottom of the 3rd over - 2 run(s), 2 hit(s), 0 error(s), 1 left on base; Lévis 0 - Rappahannock 3 |
TOP OF THE 4TH |
Lévis Rocks batting - Pitching for Rappahannock Partisans : RHP Jim Unknown
|
Batting: RHB Pedro Mendoza
|
0-0: Ball 1-0: Ball 2-0: Ball 3-0: Called Strike 3-1: SOLO HOME RUN (Flyball, 78XD), Distance : 417 ft
|
Batting: RHB Jim Unknown
|
0-0: SINGLE (Flyball, 89S)
|
Batting: SHB Bartolo Fernández
|
0-0: Ball 1-0: Ball 2-0: Ball 3-0: Called Strike 3-1: Swinging Strike Reached via error on a dropped throw, E3 Jim Unknown to second
|
Batting: RHB Melvin Hunter
|
0-0: Ball 1-0: Ball 2-0: Ground out 5-3 (Groundball, 5S) Jim Unknown to third Bartolo Fernández to second
|
Batting: RHB Nectanebos Dolenian
|
0-0: SINGLE (Groundball, 6MD) Jim Unknown scores Bartolo Fernández to third Runner from 3rd tries for Home, SAFE, throw made home Nectanebos Dolenian to second
|
Batting: RHB Jimmy Allen
|
0-0: Ball 1-0: Swinging Strike 1-1: Ball 2-1: Ball 3-1: Called Strike 3-2: Strikes out swinging
|
Batting: LHB Edward Carlson
|
0-0: Ground out 4-3 (Groundball, 34)
|
Top of the 4th over - 3 run(s), 3 hit(s), 1 error(s), 1 left on base; Lévis 3 - Rappahannock 3 |
BOTTOM OF THE 4TH |
Rappahannock Partisans batting - Pitching for Lévis Rocks : LHP Harvey Richards
|
Batting: LHB Marvin von Seydlitz
|
0-0: Foul Ball, location: 2F 0-1: Called Strike 0-2: Ball 1-2: Ball 2-2: Strikes out swinging
|
Batting: LHB Miguel Mendoza
|
0-0: SINGLE (Groundball, 34)
|
Batting: RHB Ángel Ruezga
|
0-0: Fly out, F3 (Popup, 3DF)
|
Batting: RHB Bill Taylor
|
0-0: 2-RUN HOME RUN (Flyball, 7LD), Distance : 364 ft
|
Batting: RHB Eduardo Manuel
|
0-0: Called Strike 0-1: Swinging Strike 0-2: Ball 1-2: Foul Ball, location: 2F 1-2: Ball 2-2: Ball 3-2: Ground out 6-3 (Groundball, 6)
|
Bottom of the 4th over - 2 run(s), 2 hit(s), 0 error(s), 0 left on base; Lévis 3 - Rappahannock 5 |
TOP OF THE 5TH |
Lévis Rocks batting - Pitching for Rappahannock Partisans : RHP Jim Unknown
|
Batting: RHB Raúl Valadez
|
0-0: Called Strike 0-1: Ball 1-1: Ball 2-1: DOUBLE (Line Drive, 7LM)
|
Batting: RHB Dan Holliday
|
0-0: Ball 1-0: Called Strike 1-1: Ground out 6-3 (Groundball, 6)
|
Batting: RHB Pedro Mendoza
|
0-0: Called Strike 0-1: Ball 1-1: Swinging Strike 1-2: Strikes out looking
|
Batting: RHB Jim Unknown
|
0-0: Swinging Strike 0-1: Ball 1-1: Ball 2-1: Foul Ball, location: 2F 2-2: Ground out 6-3 (Groundball, 6M)
|
Top of the 5th over - 0 run(s), 1 hit(s), 0 error(s), 1 left on base; Lévis 3 - Rappahannock 5 |
BOTTOM OF THE 5TH |
Rappahannock Partisans batting - Pitching for Lévis Rocks : LHP Harvey Richards
|
Batting: RHB Tom Baker
|
0-0: Called Strike 0-1: Ball 1-1: Fly out, F2 (Popup, 2LF)
|
Batting: RHB Colby Turner
|
0-0: SOLO HOME RUN (Flyball, 78XD), Distance : 417 ft
|
Pitching: LHP Jim Unknown
|
|
Batting: RHB Matt Sheppard
|
0-0: Called Strike 0-1: SINGLE (Groundball, 4D)
|
Batting: LHB Alfonso López
|
0-0: Called Strike 0-1: Ball 1-1: Ball 2-1: Ball 3-1: Called Strike 3-2: Strikes out looking
|
Batting: LHB Marvin von Seydlitz
|
0-0: Ball 1-0: SINGLE (Line Drive, 6MD) Matt Sheppard to second
|
Batting: LHB Miguel Mendoza
|
0-0: Swinging Strike 0-1: Called Strike 0-2: Ball 1-2: Ball 2-2: Foul Ball, location: 2F 2-2: Strikes out swinging
|
Bottom of the 5th over - 1 run(s), 3 hit(s), 0 error(s), 2 left on base; Lévis 3 - Rappahannock 6 |
TOP OF THE 6TH |
Lévis Rocks batting - Pitching for Rappahannock Partisans : RHP Jim Unknown
|
Batting: SHB Bartolo Fernández
|
0-0: Ball 1-0: Fly out, F8 (Flyball, 8LD)
|
Batting: RHB Melvin Hunter
|
0-0: Ball 1-0: Foul Ball, location: 2F 1-1: Foul Ball, location: 2F 1-2: Strikes out looking
|
Batting: RHB Nectanebos Dolenian
|
0-0: Swinging Strike 0-1: Ground out 6-3 (Groundball, 6MD)
|
Top of the 6th over - 0 run(s), 0 hit(s), 0 error(s), 0 left on base; Lévis 3 - Rappahannock 6 |
BOTTOM OF THE 6TH |
Rappahannock Partisans batting - Pitching for Lévis Rocks : LHP Jim Unknown
|
Batting: RHB Ángel Ruezga
|
0-0: Called Strike 0-1: Foul Ball, location: 2F 0-2: Strikes out looking
|
Batting: RHB Bill Taylor
|
0-0: Ball 1-0: Called Strike 1-1: Foul Ball, location: 2F 1-2: DOUBLE (Line Drive, 89D)
|
Batting: RHB Eduardo Manuel
|
0-0: Called Strike 0-1: Swinging Strike 0-2: Foul Ball, location: 2F 0-2: Ball 1-2: Foul Ball, location: 2F 1-2: Ground out 6-3 (Groundball, 6) Bill Taylor to third
|
Batting: RHB Tom Baker
|
0-0: Fly out, F6 (Popup, 6D)
|
Bottom of the 6th over - 0 run(s), 1 hit(s), 0 error(s), 1 left on base; Lévis 3 - Rappahannock 6 |
TOP OF THE 7TH |
Lévis Rocks batting - Pitching for Rappahannock Partisans : RHP Jim Unknown
|
Batting: RHB Jimmy Allen
|
0-0: Foul Ball, location: 2F 0-1: SOLO HOME RUN (Flyball, 89XD), Distance : 397 ft
|
Batting: LHB Edward Carlson
|
0-0: Ball 1-0: Ball 2-0: Foul Ball, location: 2F 2-1: DOUBLE (Groundball, 5L)
|
Batting: RHB Raúl Valadez
|
0-0: Ball 1-0: Ball 2-0: Ground out 6-3 (Groundball, 6M) Edward Carlson to third
|
Batting: RHB Dan Holliday
|
0-0: Ball 1-0: Ball 2-0: Foul Ball, location: 2F 2-1: Ball 3-1: Called Strike 3-2: Strikes out swinging
|
Batting: RHB Pedro Mendoza
|
0-0: Ball 1-0: Foul Ball, location: 2F 1-1: Ground out 5-3 (Groundball, 5)
|
Top of the 7th over - 1 run(s), 2 hit(s), 0 error(s), 1 left on base; Lévis 4 - Rappahannock 6 |
BOTTOM OF THE 7TH |
Rappahannock Partisans batting - Pitching for Lévis Rocks : LHP Jim Unknown
|
Batting: RHB Colby Turner
|
0-0: Foul Ball, location: 2F 0-1: Ball 1-1: Swinging Strike 1-2: Foul Ball, location: 2F 1-2: Ball 2-2: Foul Ball, location: 2F 2-2: Ball 3-2: Foul Ball, location: 2F 3-2: Base on Balls
|
Batting: RHB Matt Sheppard
|
0-0: Ball 1-0: Ball 2-0: Swinging Strike 2-1: Grounds into double play, 4-6-3 (Groundball, 4M)
|
Batting: LHB Alfonso López
|
0-0: Called Strike 0-1: Foul Ball, location: 2F 0-2: Foul Ball, location: 2F 0-2: Fly out, F9 (Flyball, 9D)
|
Bottom of the 7th over - 0 run(s), 0 hit(s), 0 error(s), 0 left on base; Lévis 4 - Rappahannock 6 |
TOP OF THE 8TH |
Lévis Rocks batting - Pitching for Rappahannock Partisans : RHP Jim Unknown
|
Now at 1B: Cipriano Oliveira
|
|
Batting: RHB Jim Unknown
|
0-0: Ball 1-0: Ball 2-0: Called Strike 2-1: Foul Ball, location: 2F 2-2: Ball 3-2: Base on Balls
|
Pitching: RHP Jim Unknown
|
|
Batting: SHB Bartolo Fernández
|
0-0: Ball 1-0: Called Strike 1-1: Ball 2-1: Called Strike 2-2: Strikes out looking
|
Batting: RHB Melvin Hunter
|
0-0: Ground out 5-3 (Groundball, 56S) Jim Unknown to second
|
Batting: RHB Nectanebos Dolenian
|
0-0: Called Strike 0-1: Ball 1-1: Foul Ball, location: 2F 1-2: Foul Ball, location: 2F 1-2: Ball 2-2: Ground out 1-3 (Groundball, 25)
|
Top of the 8th over - 0 run(s), 0 hit(s), 0 error(s), 1 left on base; Lévis 4 - Rappahannock 6 |
BOTTOM OF THE 8TH |
Rappahannock Partisans batting - Pitching for Lévis Rocks : LHP Jim Unknown
|
Batting: LHB Marvin von Seydlitz
|
0-0: SINGLE (Groundball, 56D)
|
Pitching: LHP Jim Unknown
|
|
Batting: RHB Cipriano Oliveira
|
0-0: Ball 1-0: Ball 2-0: Ball 3-0: Swinging Strike 3-1: Foul Ball, location: 2F 3-2: Strikes out swinging
|
Batting: RHB Ángel Ruezga
|
0-0: Called Strike 0-1: Swinging Strike 0-2: Strikes out looking
|
Batting: RHB Bill Taylor
|
0-0: Ball 1-0: Swinging Strike 1-1: Ball 2-1: Called Strike 2-2: 2-RUN HOME RUN (Flyball, 7LD), Distance : 371 ft
|
Batting: RHB Eduardo Manuel
|
0-0: Ball 1-0: Ball 2-0: Called Strike 2-1: Ball 3-1: Fly out, F8 (Flyball, 8LM)
|
Bottom of the 8th over - 2 run(s), 2 hit(s), 0 error(s), 0 left on base; Lévis 4 - Rappahannock 8 |
TOP OF THE 9TH |
Lévis Rocks batting - Pitching for Rappahannock Partisans : RHP Jim Unknown
|
Batting: RHB Jimmy Allen
|
0-0: SINGLE (Groundball, 56)
|
Batting: LHB Edward Carlson
|
0-0: Ball 1-0: Ball 2-0: Called Strike 2-1: Called Strike 2-2: Foul Ball, location: 2F 2-2: Ground out 4-3 (Groundball, 13) Jimmy Allen to second
|
Batting: RHB Raúl Valadez
|
0-0: Swinging Strike 0-1: Ball 1-1: Ground out U3 (Groundball, 3) Jimmy Allen to third
|
Batting: RHB Dan Holliday
|
0-0: Ball 1-0: Ball 2-0: Called Strike 2-1: Swinging Strike 2-2: Foul Ball, location: 2F 2-2: Ball 3-2: Fly out, F8 (Flyball, 8RD)
|
Top of the 9th over - 0 run(s), 1 hit(s), 0 error(s), 1 left on base; Lévis 4 - Rappahannock 8 |
|